cohdb
Replays
Latest Replays
All Replays
Popular Replays
Top Player Replays
Match Explorer
How It Works
Community
CoH3 Stats
Reddit
Sign in to upload your games and track your stats! →
Sign in with Steam
Match 41789261
Unlisted
Match 41789261
Overview
Messages
Build Orders
End
Panzergrenadier Squad
Panzergrenadier Squad
Construct Light Support Kompanie
MG34 Team
Fire Support Elements
Selects Italian Infantry
Selects Guastatori Squad
Guastatori Squad
Flakvierling Half-track
Selects Registered Artillery
Registered Artillery
Pak 38 Mechanized Group
Selects Towed Cannone da 105/28 Field Howitzer
Towed Cannone da 105/28 Field Howitzer
MG34 Team
Registered Artillery
Selects Sound the Alarm
Construct Mechanized Kompanie
Selects Territory Booby Traps
Selects Obice 305mm Barrage
Obice 305mm Barrage
Marder III Tank Destroyer
Registered Artillery
Pak 38 Mechanized Group
Saueee
CHawkins
King
Dancal
0
0
Comments
sign in to comment!
No comments posted yet!